 Dungeon Crawl Stone Soup version 0.24.0-1-gfbc8707 (webtiles) character file.

Game seed: 2544668325093594998, levelgen mode: deterministic

102 Buxparty the Poker (level 4, -1/34 HPs)
             Began as a Mummy Gladiator on Jan 11, 2020.
             Slain by a worker ant (7 damage)
             ... on level 3 of the Dungeon.
             The game lasted 00:02:20 (1204 turns).

Buxparty the Poker (Mummy Gladiator)                Turns: 1204, Time: 00:02:21

Health: -1/34      AC:  4    Str: 18    XL:     4   Next: 49%
Magic:  4/4        EV: 13    Int:  7    God:
Gold:   130        SH:  0    Dex: 13    Spells: 3/3 levels left

rFire    x . .     SeeInvis .   a - +0 trident
rCold    + . .     Gourm    .   (no shield)
rNeg     + + +     Faith    .   b - +0 leather armour
rPois    ∞         Spirit   .   c - +0 helmet
rElec    .         Reflect  .   j - scarf {repulsion}
rCorr    .         Harm     .   (no gloves)
MR       .....                  (no boots)
Stlth    +.........             (no amulet)
HPRegen  0.11/turn              (no ring)
MPRegen  0.09/turn              (no ring)

@: repel missiles
A: no food or potions, fire vulnerability, cold resistance 1, negative energy
resistance 3, torment resistance, unbreathing
a: no special abilities


You were on level 3 of the Dungeon.
You were not hungry.

You visited 1 branch of the dungeon, and saw 3 of its levels.

You collected 130 gold pieces.

Inventory:

Hand Weapons
 a - a +0 trident (weapon)
Missiles
 d - 3 throwing nets (quivered)
Armour
 b - a +0 leather armour (worn)
 c - a +0 helmet (worn)
 j - a scarf of repulsion (worn)
Jewellery
 g - a cursed amulet of inaccuracy {unknown}
Scrolls
 e - a scroll of remove curse {unknown}
 f - 2 scrolls of identify {unknown}
 h - a scroll of amnesia {unknown}
 i - a scroll of noise {unknown}


   Skills:
 + Level 2.7 Fighting
 * Level 3.3 Polearms
 + Level 2.2 Throwing
 + Level 2.9 Dodging


You had 3 spell levels left.
You didn't know any spells.
Your spell library was empty.

Dungeon Overview and Level Annotations

Branches:
Dungeon (3/15)

Altars:
Xom

Annotations:
D:3 Terence


Innate Abilities, Weirdness & Mutations

You do not eat or drink.
Your flesh is vulnerable to fire.
You are immune to poison.
Your flesh is cold resistant. (rC+)
You are immune to negative energy. (rN+++)
You are immune to unholy pain and torment.
You can survive without breathing.


Message History

You hit the worker ant but do no damage.
The worker ant is severely wounded.
Terence hits you from afar with a +0 trident.
The worker ant misses you. Terence says, "How do you enjoy it?"
You hit the worker ant but do no damage.
The worker ant is severely wounded.
The worker ant bites you. x2
Terence hits you from afar with a +0 trident.
You are too injured to fight recklessly!
You are too injured to fight recklessly!
You are too injured to fight recklessly!
You are too injured to fight recklessly!
You hit the worker ant but do no damage.
The worker ant is severely wounded.
The worker ant bites you. Terence closely misses you. The worker ant bites you.
* * * LOW HITPOINT WARNING * * *
The worker ant bites you!
You die...

#.###.###.#
#.......#.#
#......#.#.#
########.#.########
#....#........#
#.##########.##
#<......# #.#
############.####.#
#......a@.....(...#
#.#.8@.#####.######
#......# #.#
###..8.#####.#
#..........#
#.#..####### #.##.#
. #.# #. #†#


You could see Terence and a worker ant.

Vanquished Creatures
  A worker ant (D:2)
  3 adders (D:2)
  An ooze (D:2)
  A worm (D:2)
  2 leopard geckos
  2 giant cockroaches
  3 goblins
  8 hobgoblins
  4 jackals (D:2)
  A kobold (D:1)
  A quokka (D:2)
  5 bats
  3 frilled lizards
  4 rats (D:1)
39 creatures vanquished.

Notes
Turn   | Place    | Note
-------+----------+-------------------------------------------
     0 | D:1      | Buxparty the Mummy Gladiator began the quest for the Orb.
     0 | D:1      | Reached XP level 1. HP: 16/16 MP: 1/1
   273 | D:1      | Reached XP level 2. HP: 21/22 MP: 2/2
   590 | D:2      | Reached XP level 3. HP: 24/28 MP: 3/3
   616 | D:2      | Reached skill level 3 in Polearms
   662 | D:2      | Reached XP level 4. HP: 10/34 MP: 4/4
   924 | D:2      | Found a shimmering altar of Xom.
  1185 | D:3      | Noticed Terence
  1204 | D:3      | Slain by a worker ant

Levels and vault maps discovered:
D:1:      dpeg_arrival_snail, layout_basic
D:2:      layout_basic, overflow_temple_1_default, minmay_box_of_dots
D:3:      layout_basic, chequers_ecumenical_altar_simple_redux, serial_undead,
          serial_undead_f, serial_undead_c, serial_undead_e, serial_undead_a,
          uniq_terence, uniq_natasha

Skill      XL: |  1  2  3 |
---------------+----------+-----
Throwing       | 2 |  2.2
Polearms       | 3 |  3.3
Fighting       | |  2.7
Dodging        | |  2.9

Action                   |  1- 3 |  4- 6 || total
-------------------------+-------+-------++-------
Melee: Trident           |    85 |    54 ||   139
 Stab: Sleeping          |     3 |       ||     3
       Distracted        |     1 |       ||     1
Armor: Leather armour    |    16 |     8 ||    24
Dodge: Dodged            |    53 |    36 ||    89
